 Dungeon Crawl Stone Soup version 0.22-a0-352-gc608dd7fdd (webtiles) character file.

197626 Kriby the Wrestler (level 17, -20/190 HPs)
             Began as a Troll Monk on Apr 14, 2018.
             Killed from afar by a crystal guardian (40 damage)
             ... with a crystal bolt
             ... on level 3 of the Abyss.
             The game lasted 01:02:57 (28345 turns).

Kriby the Wrestler (Troll Monk)                    Turns: 28345, Time: 01:02:57

Health: -20/190    AC: 22    Str: 30      XL:     17   Next: 78%
Magic:  16/16      EV: 10    Int:  5 (8)  God:
Gold:   1921       SH:  0    Dex: 12      Spells: 16/16 levels left

rFire    . . .     SeeInvis +     - Unarmed
rCold    . . .     Gourm    +   (no shield)
rNeg     . . .     Faith    .   I - +0 acid dragon scales
rPois    +         Spirit   .   E - +3 crown of Dyrovepreva {rElec Int+2 SInv}
rElec    +         Reflect  .   t - +2 cloak {+Inv}
rCorr    +         Harm     .   (gloves unavailable)
MR       +....                  (boots unavailable)
Stlth    +.........             D - amulet of regeneration
HPRegen  1.21/turn              K - ring of poison resistance
MPRegen  0.15/turn              F - +4 ring of protection

@: about to teleport
A: large, unfitting armour, claws 3, rugged brown scales 1, thin metallic scales
1, fast metabolism 3, gourmand, regeneration 1, shaggy fur 1, strong 1, tough
skin 2
}: 1/15 runes: gossamer
a: Evoke Invisibility


You were on level 3 of the Abyss.
You were not hungry.

You visited 7 branches of the dungeon, and saw 31 of its levels.
You visited the Abyss 1 time.
You visited 1 bazaar.
You also visited: Volcano.

You collected 3173 gold pieces.
You spent 1252 gold pieces at shops.

Inventory:

Missiles
 f - 18 javelins
 J - 20 large rocks
 N - 3 javelins of penetration (quivered)
Armour
 a - a +0 robe
 h - a +2 cloak
 r - a +0 shield
 t - a +2 cloak of invisibility (worn)
 w - a +0 large shield
 z - a +4 troll leather armour
 E - the +3 crown of Dyrovepreva (worn) {rElec Int+2 SInv}
   (You bought it in a shop on level 10 of the Dungeon)

   It affects your intelligence (+2).
   It insulates you from electricity.
   It lets you see invisible.
 H - a +2 robe of fire resistance
 I - +0 acid dragon scales (worn)
 O - a cursed +0 robe
Jewellery
 q - an uncursed ring of protection from magic
 y - a +5 ring of dexterity
 D - an amulet of regeneration (around neck)
 F - a +4 ring of protection (right claw)
 G - an uncursed ring of protection from fire
 K - a ring of poison resistance (left claw)
Wands
 c - a wand of flame (79)
 x - a wand of polymorph (30)
Scrolls
 g - 19 scrolls of identify
 i - a scroll of amnesia
 j - 10 scrolls of teleportation
 k - 3 scrolls of fog
 l - 9 scrolls of remove curse
 p - 2 scrolls of fear
 s - 8 scrolls of noise
 u - 2 scrolls of enchant weapon
 L - a scroll of magic mapping
 M - a scroll of enchant armour
Potions
 d - a potion of magic
 e - 11 potions of flight
 m - 3 potions of ambrosia
 n - a potion of mutation
 o - 8 potions of curing
 A - 2 potions of cancellation
 B - 3 potions of brilliance
 C - a potion of resistance
Comestibles
 b - 47 rations


   Skills:
 + Level 15.7 Fighting
 - Level 2.4 Dodging
 - Level 1.0 Stealth
 * Level 24.0 Unarmed Combat


You had 16 spell levels left.
You didn't know any spells.

Dungeon Overview and Level Annotations

Branches:
Dungeon (15/15) Temple (1/1) D:4 Lair (6/6) D:10 Shoals (1/4) Lair:4 Spider (4/4) Lair:4 Slime (2/5) Lair:6 Orc (2/2) D:11 Elf (0/3) Orc:2 Vaults (0/5) D:13 D:14 Depths (0/5) D:15

Altars:
Ashenzari
Cheibriados
Dithmenos
Elyvilon
Fedhas
Gozag
Hepliaklqana
Kikubaaqudgha
Makhleb
Nemelex Xobeh
Okawaru
Qazlal
Ru
Sif Muna
Trog
Uskayaw
Vehumet
Wu Jian
Xom
Yredelemnul
Zin
The Shining One
Beogh

Shops:
D:10 %[[=(   D:14 :   Orc:2 *=*}

Annotations:
D:6 2 transporters
Lair:2 exclusion: 2 oklob plants
Slime:1 exclusion: downstairs
Slime:2 Dissolution


Innate Abilities, Weirdness & Mutations

You are too large for most types of armour.
You have claws for hands.
Your metabolism is lightning-fast.
You like to eat raw meat.
Your natural rate of healing is unusually fast.
You are covered in fur. (AC +1)
You have very tough skin. (AC +2)
You are partially covered in rugged brown scales. (AC +1, +3% HP)
You are partially covered in thin metallic scales. (AC +2)
Your muscles are strong. (Str +2)


Message History

The crystal guardian hits you but does no damage.
You feel better.
The crystal guardian fires a crystalline bolt at you.
The crystal bolt burns you! x2
* * * LOW HITPOINT WARNING * * *
The crystal bolt burns the crystal guardian.
The crystal guardian completely resists.
The great orb of eyes bites you but does no damage.
The crystal guardian hits you!
* * * LOW HITPOINT WARNING * * *
Okay, then.
Evoke which item? (* to show all) (? for menu, Esc to quit)
Okay, then.
You feel better.
The guardian serpent changes into an orb spider!
The crystal guardian fires a crystalline bolt at you.
The crystal bolt freezes you!
* * * LOW HITPOINT WARNING * * *
The crystal bolt freezes you!
You die...

# ......#... ..
......... ..
................ ##
.∩............. .
#.. ....#........
..#..#####..#..#....
#...#.#@#.#....
....#
...#..8G8..#...#
#h........#..#
##.......##..#
#s........###
##......y## ..
#.........# .
##.#+++#.## ... #
### ....


You could see a great orb of eyes, a spark wasp shaped shifter (fleeing), 2
crystal guardians, an orb spider shaped shifter (fleeing) and a raiju shaped
shifter (fleeing).

Vanquished Creatures
  Rupert (D:14)
  Frances (D:13)
  Agnes (D:15)
  Gastronok (Lair:2)
  The ghost of CALLOUS the Whirler, an adept HaFi of Elyvilon (Spider:2)
  An orc warlord (Orc:2)
  5 ghost moths
  9 emperor scorpions
  A stone giant (Orc:2)
  An entropy weaver (Spider:3)
  Azrael (D:13)
  Nessos (Lair:5)
  2 spark wasps (Spider:4)
  Fannar (Lair:1)
  5 hydras
  An ice dragon (Lair:1)
  A rakshasa (D:15)
  The ghost of NihilVerum the Prestidigitator, a journeyman GnAr of Yredelemnul (D:9)
  A catoblepas (D:13)
  A death knight (D:11)
  An alligator (Lair:1)
  2 centaur warriors
  Erica (D:9)
  A tengu warrior (D:15)
  11 two-headed ogres
  An ogre mage (D:14)
  Urug (D:11)
  9 death yaks
  10 orc high priests (Orc:2)
  Nergalle (Lair:3)
  2 unseen horrors
  A wolf spider zombie (D:15)
  A glowing orange brain (D:15)
  A swamp dragon (shapeshifter) (D:15)
  2 orc knights
  22 orb spiders
  11 ugly things
  A deep elf mage (D:15)
  2 phantasmal warriors (D:11)
  3 orc sorcerers
  39 wolf spiders
  4 cyclopes
  3 manticores
  19 elephants
  7 black mambas
  3 moths of wrath
  Maurice (Orc:1)
  24 spiny frogs
  A torpor snail (Spider:3)
  A smoke demon (Volcano)
  2 gargoyles
  4 rime drakes
  An efreet (D:15)
  2 kobold demonologists (D:12)
  3 komodo dragons
  2 freezing wraiths
  18 demonic crawlers
  3 red devils (Volcano)
  2 polar bears
  A meliai (D:13)
  8 trolls
  34 jumping spiders
  6 hornets
  4 tyrant leeches (Lair:6)
  39 blink frogs
  33 slime creatures
  10 hippogriffs
  A snapping turtle (shapeshifter) (D:15)
  49 redbacks
  A wraith (D:11)
  28 tarantellas
  2 wyverns
  16 humans
  27 yaks
  A spriggan (Lair:1)
  4 basilisks
  3 fire elementals (D:13)
  2 hungry ghosts
  Edmund (D:6)
  10 vampire mosquitoes
  A soldier ant (D:13)
  9 wargs
  2 acid dragons
  7 water moccasins
  6 hell hounds
  8 porcupines
  A black bear (D:10)
  16 orc warriors
  6 ice beasts
  An eye of draining (D:9)
  3 phantoms
  6 sky beasts
  A necrophage (D:7)
  43 wolves
  11 ogres
  10 centaurs
  8 crocodiles
  2 big kobolds
  28 bullfrogs
  2 gnoll sergeants
  A wyvern zombie (D:11)
  2 scorpions
  26 killer bees
  11 wights
  3 electric eels
  9 crimson imps
  3 bullfrog zombies
  10 howler monkeys
  A centaur zombie (D:9)
  11 orc wizards
  5 centaur skeletons
  3 hounds
  3 jellies
  38 orc priests
  2 bullfrog skeletons
  4 iguanas
  6 worker ants
  3 hound zombies
  2 hound skeletons
  A worker ant zombie (D:10)
  11 gnolls
  A howler monkey skeleton (D:5)
  14 adders
  2 shadow imps
  2 oozes
  2 adder zombies
  3 worms
  An adder skeleton (D:4)
  2 dart slugs
  6 leopard geckos
  68 orcs
  5 giant cockroaches
  7 goblins
  7 hobgoblins
  10 jackals
  3 quokkas
  3 ball pythons
  7 bats
  7 frilled lizards
  14 kobolds
  A quokka skeleton (D:4)
  A quokka zombie (D:8)
  5 rats
1037 creatures vanquished.

Vanquished Creatures (others)
  An orb spider (Spider:2)
  A tarantella (Spider:3)
  2 redbacks (Spider:3)
  11 bushes
  37 fungi
  89 plants
141 creatures vanquished.

Grand Total: 1178 creatures vanquished

Notes
Turn   | Place    | Note
-------+----------+-------------------------------------------
     0 | D:1      | Kriby the Troll Monk began the quest for the Orb.
     0 | D:1      | Reached XP level 1. HP: 22/22 MP: 0/0
    50 | D:1      | Reached XP level 2. HP: 16/29 MP: 1/1
   237 | D:1      | Reached XP level 3. HP: 23/36 MP: 2/2
   829 | D:2      | Reached skill level 4 in Unarmed Combat
  1007 | D:2      | Found an ornate altar of the Wu Jian Council.
  1038 | D:2      | Found a hide-covered altar of Uskayaw.
  1042 | D:2      | Found a shimmering altar of Xom.
  1049 | D:2      | Reached XP level 4. HP: 42/45 MP: 3/3
  1445 | D:3      | Reached skill level 5 in Unarmed Combat
  1445 | D:3      | Reached XP level 5. HP: 53/53 MP: 4/4
  1593 | D:3      | Found a shadowy altar of Dithmenos.
  1828 | D:3      | Found an ancient bone altar of Kikubaaqudgha.
  1942 | D:3      | Found a burning altar of Makhleb.
  2156 | D:4      | Found a staircase to the Ecumenical Temple.
  2192 | D:4      | Reached XP level 6. HP: 62/62 MP: 5/5
  2203 | D:4      | Reached skill level 6 in Unarmed Combat
  2338 | D:4      | Found a deep blue altar of Sif Muna.
  2413 | Temple   | Entered the Ecumenical Temple
  2704 | D:4      | Found a snail-covered altar of Cheibriados.
  2798 | D:5      | Entered Level 5 of the Dungeon
  2921 | D:5      | Found a bloodstained altar of Trog.
  2932 | D:5      | Reached XP level 7. HP: 70/70 MP: 6/6
  2950 | D:5      | Found a sparkling altar of Nemelex Xobeh.
  3070 | D:5      | Reached skill level 7 in Unarmed Combat
  3978 | D:6      | Found Zin's Purification Station.
  3979 | D:6      | Found a glowing silver altar of Zin.
  3984 | D:6      | Bought a potion of curing for 90 gold pieces
  4081 | D:6      | Reached skill level 5 in Fighting
  4081 | D:6      | Reached skill level 8 in Unarmed Combat
  4081 | D:6      | Reached XP level 8. HP: 69/80 MP: 7/7
  4102 | D:6      | Found a transporter.
  4131 | D:6      | Noticed Edmund
  4137 | D:6      | Killed Edmund
  4160 | D:6      | Found a transporter.
  4178 | D:6      | Reached skill level 9 in Unarmed Combat
  4209 | D:6      | Noticed a kobold demonologist
  4820 | D:7      | Gained mutation: Your muscles are strong. (Str +2) [potion of mutation]
  4820 | D:7      | Gained mutation: You are partially covered in rugged brown scales. (AC +1, +3% HP) [potion of mutation]
  4820 | D:7      | Gained mutation: You are partially covered in thin metallic scales. (AC +2) [potion of mutation]
  4834 | D:7      | Reached skill level 10 in Unarmed Combat
  4862 | D:7      | Found a hazy altar of Hepliaklqana.
  4867 | D:7      | Reached XP level 9. HP: 91/91 MP: 8/8
  5122 | D:7      | Found a basalt altar of Yredelemnul.
  5757 | D:8      | Noticed a two-headed ogre
  5764 | D:8      | Killed a two-headed ogre
  5764 | D:8      | Reached skill level 11 in Unarmed Combat
  6441 | D:8      | Reached XP level 10. HP: 100/105 MP: 9/9
  6444 | D:8      | Reached skill level 12 in Unarmed Combat
  6564 | D:8      | Noticed a two-headed ogre
  6573 | D:8      | Killed a two-headed ogre
  6933 | D:9      | Noticed NihilVerum's ghost (journeyman GnAr)
  6961 | D:9      | Noticed Erica
  6978 | D:9      | Killed Erica
  6978 | D:9      | Reached skill level 13 in Unarmed Combat
  7400 | D:9      | Killed NihilVerum's ghost
  7531 | D:9      | Reached XP level 11. HP: 116/116 MP: 10/10
  7735 | D:9      | Found a sacrificial altar of Ru.
  7798 | D:10     | Entered Level 10 of the Dungeon
  7846 | D:10     | Found Rachyff's Antique Weapon Boutique.
  7940 | D:10     | Found Caaciale's Antique Armour Boutique.
  7940 | D:10     | Found Piptogg's Armour Emporium.
  7971 | D:10     | Bought the +3 crown of Dyrovepreva {rElec Int+2 SInv} for 496 gold pieces
  7971 | D:10     | Found the +3 crown of Dyrovepreva {rElec Int+2 SInv}
  8005 | D:10     | Found a staircase to the Lair.
  8088 | D:10     | Found Waegoblo's Jewellery Boutique.
  8243 | D:10     | Reached skill level 14 in Unarmed Combat
  8348 | D:10     | Found Dairroxo's Food Boutique.
  8512 | D:11     | Found a staircase to the Orcish Mines.
  8513 | D:11     | Noticed a two-headed ogre
  8530 | D:11     | Killed a two-headed ogre
  8564 | D:11     | Got a wavering bone amulet
  8568 | D:11     | Identified the amulet of Surprise {Harm *Drain Str+2 Int+3} (You took it off an orc on level 11 of the Dungeon)
  8598 | D:11     | Noticed a phantasmal warrior
  8605 | D:11     | Killed a phantasmal warrior
  8615 | D:11     | Noticed an unseen horror
  8618 | D:11     | Noticed Urug
  8618 | D:11     | Killed an unseen horror
  8620 | D:11     | Noticed a phantasmal warrior
  8624 | D:11     | Killed Urug
  8634 | D:11     | Killed a phantasmal warrior
  8689 | Lair:1   | Entered Level 1 of the Lair of Beasts
  8689 | Lair:1   | Noticed Fannar
  8716 | Lair:1   | Killed Fannar
  8716 | Lair:1   | Reached skill level 15 in Unarmed Combat
  8828 | Lair:1   | Noticed a spriggan rider
  8851 | Lair:1   | Noticed an eight-headed hydra
  8912 | Lair:1   | Noticed an eight-headed hydra
  8926 | Lair:1   | Noticed an alligator
  8926 | Lair:1   | an eight-headed hydra changed into an alligator
  8932 | Lair:1   | Killed an alligator
  9066 | Lair:1   | Noticed a wolf spider
  9096 | Lair:1   | Reached XP level 12. HP: 106/129 MP: 11/11
  9120 | Lair:1   | Reached skill level 10 in Fighting
  9374 | Lair:1   | Noticed an ice dragon
  9374 | Lair:1   | an eight-headed hydra changed into an ice dragon
  9381 | Lair:1   | Killed an ice dragon
  9381 | Lair:1   | Reached skill level 16 in Unarmed Combat
  9973 | Lair:2   | Noticed an eight-headed hydra
 10350 | Lair:2   | Noticed Gastronok
 10358 | Lair:2   | Killed Gastronok
 10358 | Lair:2   | Reached skill level 17 in Unarmed Combat
 10368 | Lair:2   | Killed a 12-headed hydra
 10499 | Lair:2   | Reached XP level 13. HP: 141/141 MP: 12/12
 11254 | Lair:3   | Identified Hajargh's Sophisticated Sorcery
 11411 | Lair:3   | Noticed Nergalle
 11421 | Lair:3   | Killed Nergalle
 11893 | Lair:4   | Found a dark tunnel.
 11922 | Volcano  | Entered a volcano
 12292 | Lair:4   | Reached skill level 18 in Unarmed Combat
 12342 | Lair:4   | Found a hole to the Spider Nest.
 12411 | Lair:4   | Found a staircase to the Shoals.
 13055 | Lair:5   | Noticed Nessos
 13147 | Lair:5   | Killed Nessos
 13647 | Lair:5   | Reached XP level 14. HP: 153/153 MP: 13/13
 14082 | Lair:6   | Entered Level 6 of the Lair of Beasts
 14263 | Lair:6   | Reached skill level 19 in Unarmed Combat
 14834 | Lair:6   | Found a staircase to the Slime Pits.
 15392 | Lair:6   | Identified the Guide on Flight and Good Luck
 15564 | Lair:6   | Reached skill level 20 in Unarmed Combat
 15649 | Slime:1  | Entered Level 1 of the Pits of Slime
 16419 | D:12     | Reached XP level 15. HP: 157/163 MP: 14/14
 17372 | D:13     | Noticed Frances
 17379 | D:13     | Killed Frances
 17474 | D:13     | Noticed Azrael
 17482 | D:13     | Killed Azrael
 18111 | D:14     | Found a gate to the Vaults.
 18111 | D:14     | Noticed Rupert
 18346 | D:14     | Killed Rupert
 18346 | D:14     | Reached skill level 21 in Unarmed Combat
 18715 | D:14     | Found Lomufepi's Book Boutique.
 19087 | D:15     | Entered Level 15 of the Dungeon
 19434 | D:15     | Noticed Agnes
 19496 | D:15     | Killed Agnes
 19712 | D:15     | Found a staircase to the Depths.
 20257 | D:10     | Bought an uncursed ring of poison resistance for 320 gold pieces
 20397 | Spider:1 | Entered Level 1 of the Spider Nest
 20407 | Spider:1 | Reached XP level 16. HP: 173/177 MP: 15/15
 21214 | Spider:2 | Noticed CALLOUS's ghost (adept HaFi)
 21330 | Spider:1 | Reached skill level 22 in Unarmed Combat
 21414 | Spider:2 | Killed CALLOUS's ghost
 22339 | Spider:2 | Found a roughly hewn altar of Beogh.
 23796 | Spider:4 | Entered Level 4 of the Spider Nest
 24123 | Spider:3 | Reached skill level 15 in Fighting
 24195 | Spider:4 | Reached skill level 23 in Unarmed Combat
 24198 | Spider:4 | Reached XP level 17. HP: 144/189 MP: 16/16
 25730 | Spider:4 | Got a gossamer rune of Zot
 25911 | Orc:1    | Entered Level 1 of the Orcish Mines
 25911 | Orc:1    | Noticed Maurice
 25925 | Orc:1    | Killed Maurice
 26189 | Orc:1    | Paralysed by an orc sorcerer for 2 turns
 26398 | Orc:2    | Entered Level 2 of the Orcish Mines
 26526 | Orc:2    | Found a flickering gateway to a bazaar.
 26694 | Bazaar   | Entered a bazaar
 26702 | Bazaar   | Found Kuog's Antique Armour Shop.
 26713 | Bazaar   | Found Ixigoto's Gadget Shop.
 26747 | Bazaar   | Bought a runed cloak for 112 gold pieces
 26833 | Orc:2    | Found Wuattieb's General Store.
 27020 | Orc:2    | Found Borebbed's Gadget Shoppe.
 27054 | Orc:2    | Found a roughly hewn altar of Beogh.
 27074 | Orc:2    | Found Ucrosex's Assorted Antiques.
 27074 | Orc:2    | Found Socw's Jewellery Shoppe.
 27268 | Orc:2    | Found a staircase to the Elven Halls.
 27403 | Orc:2    | Bought a scroll of teleportation for 108 gold pieces
 27403 | Orc:2    | Bought a scroll of fear for 126 gold pieces
 27952 | Slime:1  | Reached skill level 24 in Unarmed Combat
 28154 | Slime:2  | Noticed Dissolution
 28309 | Shoals:1 | Entered Level 1 of the Shoals
 28314 | Shoals:1 | Cast into level 2 of the Abyss (merfolk impaler)
 28345 | Abyss:3  | Killed from afar by a crystal guardian

Vault maps used:
D:1:      eino_arrival_tree_alley, serial_forest, infiniplex_forest_end_2,
          infiniplex_forest_lined_corner, infiniplex_forest_straight_3,
          infiniplex_forest_lined_room_3, infiniplex_forest_straight_3,
          infiniplex_forest_lined_corner, infiniplex_forest_3_way,
          infiniplex_forest_lined_2, minmay_box_of_dots
D:2:      nicolae_overflow_crystal_walls, nicolae_overflow_hidden_temple,
          old_standard_altar
D:3:      makhleb_grotto_becter, kiku_gazebo_garden_becter,
          overflow_temple_1_default, first_ration
D:4:      kennysheep_slug_shrine, kennysheep_mini_moat, temple_statues,
          minmay_misc_feat_rows, minmay_unequal
D:5:      bloody_trog, basic_altar
D:6:      gammafunk_wand_slinger, zin_purify, uniq_edmund
D:7:      lemuel_doored_altar, marbit_many_paths
D:8:      cheibrodos_barr_body
D:9:      lemuel_coloured_pillars_altar, grunt_pizzeria, uniq_erica
D:10:     lair_entry_dummy, serial_shops, shop, kennysheep_mini, shop_statue,
          nicolae_shop_window_shopping, shop
D:11:     orc_0_dummy, uniq_urug
D:13:     uniq_azrael, uniq_frances
D:14:     david_vaults_3, roderic_lattice_a, serial_shops,
          nicolae_shop_statue_plus
D:15:     gammafunk_enter_depths_forms, minmay_hedge_maze, st_stairs_10,
          uniq_agnes
Temple:   nicolae_temple_figure_zero
Lair:1:   minmay_lair_venomous_thicket, grunt_forest_large_clearings,
          uniq_fannar
Lair:2:   minmay_lair_oklob_chamber, infiniplex_staircase_pool, uniq_gastronok
Lair:3:   grunt_megastairs_2, uniq_nergalle
Lair:4:   minmay_shoals_entry_beasts, spider_nest_entry_web_field,
          nicolae_volcano_entry_two_sided, lemuel_fruit_fields,
          grunt_megastairs_4
Lair:5:   bh_autumn_forest_stairs, serial_bayou_shore_a, grunt_megastairs_1,
          uniq_nessos
Lair:6:   minmay_lair_end_frog_pond, dpeg_slime_entry_corner,
          minmay_stone_trees_medium, infiniplex_staircase_pool_2,
          serial_bayou_shore_b
Shoals:1: serial_shops, nicolae_shop_crystal, nicolae_shoals_seven_spires,
          uniq_kirke
Spider:2: nicolae_spider_mines_2
Spider:3: nicolae_spider_hall_of_the_moth_king, spider_trap,
          hangedman_spider_tarantella_strand
Spider:4: grunt_spider_rune_island
Slime:2:  uniq_dissolution
Orc:1:    uniq_maurice
Orc:2:    st_orc_town, serial_shops, bzr_entry_dummy
Abyss:2:  evilmike_abyss_exit_vortex
Abyss:3:  hangedman_grunt_abyss_rune_horror_hoard, hangedman_decor_peaks_small,
          evilmike_abyss_exit_smiterflies
Bazaar:   bazaar_jpeg_cross
Volcano:  volcano_pools

Skill      XL: |  1  2  3  4  5  6  7  8  9 10 11 12 13 14 15 16 17 |
---------------+----------------------------------------------------+-----
Unarmed Combat | 4 5 6 8 10 11 13 15 17 18 20 21 23 24 | 24.0
Fighting       | 3 4 5 6 7 8 9 11 12 13 14 15 | 15.7
Dodging        | |  2.4
Stealth        | |  1.0

Action                   |  1- 3 |  4- 6 |  7- 9 | 10-12 | 13-15 | 16-18 || total
-------------------------+-------+-------+-------+-------+-------+-------++-------
Melee: Unarmed           |    96 |   120 |   258 |   485 |  1101 |   828 ||  2888
       Punch             |       |     4 |     7 |    45 |   122 |    86 ||   264
Throw: Javelin           |       |       |       |       |       |    52 ||    52
       Large rock        |       |       |       |       |       |    17 ||    17
Evoke: Wand              |       |       |     3 |    37 |    14 |    46 ||   100
  Use: Scroll            |       |       |    14 |    14 |     8 |     9 ||    45
       Potion            |       |       |    12 |     4 |     6 |     8 ||    30
 Stab: Sleeping          |     2 |     4 |     2 |     2 |     1 |       ||    11
       Paralysed         |       |       |     4 |     4 |       |       ||     8
       Distracted        |       |       |       |     2 |     2 |       ||     4
       Confused          |       |       |       |       |       |     6 ||     6
  Eat: Chunk             |    15 |    17 |    26 |    43 |    86 |    54 ||   241
       Ration            |       |       |       |       |       |     4 ||     4
Armor: Robe              |    33 |    58 |    71 |    23 |       |       ||   185
       Skin              |       |       |    13 |     4 |       |       ||    17
       Troll leather arm |       |       |       |   179 |   544 |   735 ||  1458
       Acid dragon scale |       |       |       |       |       |    21 ||    21
Dodge: Dodged            |    63 |    69 |   107 |   222 |   393 |   502 ||  1356

Table legend:
 A = Spawn XP
 B = Non-spawn XP
 C = Spawn XP percentage of total XP
 D = Spawn monster count
 E = Non-spawn monster count
 F = Spawn count percentage of total count
 G = Total turns spent on level
                    A         B        C        D         E        F      G
               +---------+---------+-------+---------+---------+-------+---------
         Total |       0 |  274067 |   0.0 |       0 |    1037 |   0.0 | 28345
               +---------+---------+-------+---------+---------+-------+---------
           D:1 |       0 |      48 |   0.0 |       0 |      26 |   0.0 |   715
           D:2 |       0 |      53 |   0.0 |       0 |      18 |   0.0 |   539
           D:3 |       0 |     240 |   0.0 |       0 |      27 |   0.0 |   884
           D:4 |       0 |     321 |   0.0 |       0 |      10 |   0.0 |   624
           D:5 |       0 |     523 |   0.0 |       0 |      15 |   0.0 |  1035
           D:6 |       0 |     787 |   0.0 |       0 |      11 |   0.0 |   703
           D:7 |       0 |    1639 |   0.0 |       0 |      36 |   0.0 |  1182
           D:8 |       0 |    3808 |   0.0 |       0 |      49 |   0.0 |   971
           D:9 |       0 |    3610 |   0.0 |       0 |      23 |   0.0 |  1026
          D:10 |       0 |    2188 |   0.0 |       0 |      28 |   0.0 |   768
          D:11 |       0 |   10324 |   0.0 |       0 |      49 |   0.0 |   888
          D:12 |       0 |   10062 |   0.0 |       0 |      38 |   0.0 |   761
          D:13 |       0 |   10728 |   0.0 |       0 |      35 |   0.0 |  1215
          D:14 |       0 |   16648 |   0.0 |       0 |      44 |   0.0 |   856
          D:15 |       0 |   14116 |   0.0 |       0 |      39 |   0.0 |  1127
        Lair:1 |       0 |   12507 |   0.0 |       0 |      53 |   0.0 |  1389
        Lair:2 |       0 |    9613 |   0.0 |       0 |      36 |   0.0 |  1142
        Lair:3 |       0 |    3760 |   0.0 |       0 |      16 |   0.0 |   744
        Lair:4 |       0 |   12967 |   0.0 |       0 |      34 |   0.0 |  1156
        Lair:5 |       0 |    6235 |   0.0 |       0 |      21 |   0.0 |  1206
        Lair:6 |       0 |   29633 |   0.0 |       0 |      85 |   0.0 |  1658
      Spider:1 |       0 |   12417 |   0.0 |       0 |      38 |   0.0 |  1281
      Spider:2 |       0 |   21822 |   0.0 |       0 |      52 |   0.0 |  1180
      Spider:3 |       0 |   26546 |   0.0 |       0 |      54 |   0.0 |  1614
      Spider:4 |       0 |   36965 |   0.0 |       0 |      71 |   0.0 |  1327
       Slime:1 |       0 |    5066 |   0.0 |       0 |      19 |   0.0 |   309
       Slime:2 |       0 |     776 |   0.0 |       0 |       3 |   0.0 |    12
         Orc:1 |       0 |    2585 |   0.0 |       0 |      13 |   0.0 |   490
         Orc:2 |       0 |   15929 |   0.0 |       0 |      87 |   0.0 |  1033
       Volcano |       0 |    2151 |   0.0 |       0 |       7 |   0.0 |   265
               +---------+---------+-------+---------+---------+-------+---------
